Map: Rhoskallian LE

Players

Ekelpack

  • Race: Zerg Zerg
  • Spawn Location: 6:00

Nyck

  • Race: Terran Terran
  • Spawn Location: 5:00

Unknown - Winner!

  • Race: Terran Terran
  • League: Gold
  • Spawn Location: 11:00

Mercy - Winner!

  • Race: Terran Terran
  • League: Gold
  • Spawn Location: 12:00

VOD

Have the link to the VOD?

Description

Time

  • Played on: Jan. 1, 2025, 1 p.m.
  • Length: 7:10
Show
View Real Time Build Order
Export as new Build Order

Ekelpack Zerg 

Build Orders: Hatch First 

Get SALT Encoding   

  12  0:00  Drone  
  13  0:13  Overlord  
  13  0:18  Drone  
  14  0:32  Drone  
  15  0:46  Hatchery  
  15  0:48  Drone  
  15  1:04  Spawning Pool  
  15  1:07  Drone  
  15  1:13  Drone  
  15  1:15  Extractor  
  15  1:17  Drone  
  16  1:22  Drone  
  17  1:29  Drone  
  18  1:42  Drone  
  19  1:54  Queen  
  19  1:58  Drone  
  22  2:02  Queen  
  24  2:09  Drone  
  25  2:16  Drone  
  25  2:18  Overlord  
  25  2:22  Metabolic Boost  
  26  2:27  Drone  
  26  2:29  Drone  
  28  2:39  Zergling x4  
  28  2:40  Zergling x2  
  31  2:49  Drone  
  32  2:56  Lair  
  32  3:07  Drone x4  
  32  3:09  Overlord  
  32  3:10  Extractor  
  32  3:11  Drone  
  36  3:18  Extractor  
  36  3:19  Drone  
  36  3:22  Extractor  
  36  3:23  Drone  
  36  3:32  Drone x5  
  41  3:45  Drone x3  
  41  3:46  Overlord x2  
  44  4:00  Spire  
  44  4:01  Drone  
  44  4:03  Overlord x2  
  44  4:05  Drone  
  44  4:07  Drone  
  45  4:41  Spine Crawler  
  44  4:52  Overlord x2  
  44  5:14  Mutalisk  
  44  5:15  Mutalisk x6  
  44  5:16  Mutalisk x2  
  45  5:31  Zergling x4  
  45  5:32  Zergling x6  
  21  6:01  Drone  
  21  6:02  Drone x2  
  18  6:19  Drone x2, Hatchery  
  19  6:41  Roach Warren  
  19  6:44  Evolution Chamber  
  19  6:45  Drone x2  
  19  6:46  Drone x2  
  21  6:52  Drone  
Show
View Real Time Build Order
Export as new Build Order

Nyck Terran 

Build Orders: 2 Factory 

Get SALT Encoding   

  12  0:00  SCV  
  13  0:12  SCV  
  14  0:18  Supply Depot  
  14  0:25  SCV  
  15  0:39  SCV  
  15  0:42  Barracks  
  16  0:50  Refinery  
  16  0:53  Refinery  
  16  0:54  SCV  
  17  1:07  SCV  
  18  1:20  SCV  
  19  1:30  Reaper  
  20  1:33  Supply Depot, SCV  
  21  1:46  Factory  
  21  1:48  Orbital Command  
  21  2:00  Barracks  
  21  2:08  Barracks Tech Lab  
  21  2:14  SCV  
  22  2:26  SCV  
  23  2:39  Factory  
  23  2:41  Factory Reactor  
  22  3:09  SCV  
  22  3:10  Marauder  
  25  3:15  Barracks Reactor  
  25  3:17  Barracks  
  25  3:21  SCV  
  25  3:23  Widow Mine x2  
  30  3:32  Supply Depot  
  30  3:33  SCV  
  31  3:45  Factory Tech Lab  
  31  3:48  Command Center  
  31  4:03  SCV  
  31  4:08  Barracks Reactor  
  32  4:11  Engineering Bay  
  32  4:13  Engineering Bay  
  32  4:17  Supply Depot  
  32  4:19  SCV  
  33  4:33  SCV  
  34  4:45  SCV  
  35  4:53  Marine  
  35  4:54  Marine x4  
  35  4:55  Combat Shield  
  35  4:58  SCV  
  35  4:59  Terran Infantry Weapons Level 1, Terran Infantry Armor Level 1  
  41  5:07  Refinery  
  41  5:08  Orbital Command  
  41  5:16  Refinery  
  38  5:22  SCV  
  38  5:27  Marine x2  
  38  5:28  Marine x2  
  38  5:29  Marauder  
  38  5:33  Hellion  
  38  5:34  Hellion  
  44  5:39  SCV  
  41  6:02  SCV x2  
  43  6:04  Marine x2  
  43  6:05  Marine x3  
  43  6:08  Hellion x2  
  43  6:10  Hellion  
  54  6:14  SCV  
  55  6:21  Starport  
  55  6:23  SCV  
  56  6:25  Marine  
  56  6:26  Marine  
  56  6:29  SCV  
  59  6:38  SCV  
  60  6:40  Marine x2  
  62  6:51  SCV x2  
  64  6:56  Supply Depot  
Show
View Real Time Build Order
Export as new Build Order

Unknown Terran - Winner!

Build Orders:  

Get SALT Encoding   

  12  0:00  SCV  
  13  0:13  SCV  
  14  0:17  Supply Depot  
  14  0:25  SCV  
  15  0:39  SCV  
  16  0:42  Barracks  
  16  0:45  Refinery  
  16  0:51  SCV  
  17  1:03  SCV  
  18  1:15  SCV  
  19  1:21  Barracks  
  19  1:29  Orbital Command  
  19  1:34  Marine  
  19  1:36  Refinery  
  20  1:46  Factory  
  20  1:51  Marine  
  21  1:57  Supply Depot  
  21  2:06  SCV  
  22  2:09  Barracks Tech Lab  
  22  2:10  Barracks Reactor  
  22  2:18  SCV  
  23  2:30  SCV  
  23  2:32  Starport  
  23  2:36  Factory Reactor  
  24  2:37  Marine  
  24  2:42  SCV  
  26  2:45  Marine  
  26  2:46  Marine  
  28  2:55  Marine  
  29  3:00  SCV  
  29  3:01  Stimpack  
  29  3:03  Marine  
  31  3:08  Supply Depot  
  31  3:10  Supply Depot  
  31  3:29  Marine x3  
  31  3:30  Medivac x2  
  38  3:47  Marine x3  
  41  4:05  Marine x3  
  44  4:10  Command Center  
  44  4:11  SCV  
  45  4:17  Supply Depot  
  45  4:38  SCV  
  46  4:46  Marine x3  
  46  4:50  SCV  
  50  4:53  Supply Depot  
  50  5:01  Medivac x2  
  50  5:03  SCV  
  50  5:05  Barracks  
  55  5:14  Marine x3  
  58  5:33  Marine x3  
  63  5:35  Widow Mine, Medivac  
  63  5:36  Medivac  
  67  5:51  Marine x3  
  65  6:03  Orbital Command, SCV  
  63  6:09  Marine x2, Barracks Reactor  
  65  6:16  SCV  
  65  6:17  Engineering Bay  
  66  6:18  Engineering Bay  
  66  6:28  SCV x2  
  68  6:34  Marine x3  
  71  6:40  SCV x2  
  73  6:52  SCV x2  
Show
View Real Time Build Order
Export as new Build Order

Mercy Terran - Winner!

Build Orders: 2 Factory, Reaper Expand, Mech 

Get SALT Encoding   

  12  0:00  SCV  
  13  0:12  SCV  
  14  0:18  Supply Depot  
  14  0:24  SCV  
  15  0:40  SCV  
  15  0:42  Barracks  
  16  0:46  Refinery  
  16  0:52  SCV  
  17  1:04  SCV  
  18  1:16  SCV  
  19  1:29  Orbital Command  
  19  1:30  Reaper  
  20  1:42  Command Center  
  20  1:52  Supply Depot  
  20  1:56  SCV  
  21  2:02  Marine  
  23  2:08  SCV  
  23  2:17  Factory  
  23  2:18  Refinery  
  23  2:20  SCV  
  24  2:25  Barracks Reactor  
  24  2:32  SCV  
  25  2:44  SCV  
  26  2:55  Orbital Command  
  26  3:01  Command Center  
  25  3:16  Barracks Tech Lab  
  25  3:18  Hellion  
  27  3:21  SCV, Factory  
  27  3:26  Hellion  
  30  3:39  Hellion  
  32  3:43  SCV x2  
  32  3:46  Barracks Tech Lab  
  32  3:47  Hellion  
  36  3:58  SCV  
  36  3:59  SCV  
  36  4:01  Hellion  
  40  4:06  Factory  
  40  4:09  Hellion  
  42  4:10  SCV  
  42  4:11  SCV  
  42  4:16  Orbital Command  
  44  4:22  Engineering Bay, Hellion  
  46  4:26  SCV x2  
  48  4:34  Infernal Pre-Igniter  
  48  4:37  Barracks Tech Lab  
  48  4:38  SCV x2  
  50  4:44  SCV  
  51  4:48  Refinery  
  51  4:50  SCV x2  
  51  4:51  Refinery  
  53  4:56  SCV  
  53  4:58  Hellion  
  56  5:03  SCV  
  56  5:07  SCV  
  58  5:08  SCV  
  59  5:30  Siege Tank x2  
  59  5:35  Hellion  
  61  5:46  Supply Depot  
  61  5:47  SCV x2  
  61  5:48  Hellion  
  59  5:52  Missile Turret  
  59  5:54  Missile Turret  
  59  5:58  Hi-Sec Auto Tracking  
  59  6:08  Siege Tank x2  
  59  6:10  Factory  
  59  6:11  Supply Depot  
  65  6:12  Supply Depot  
  65  6:14  Orbital Command  
  65  6:20  Missile Turret  
  65  6:31  Armory  
  65  6:32  Hellion x2  
  69  6:40  Hellion  
  74  6:48  SCV x2  
  74  6:49  Missile Turret  
  76  6:55  Factory Tech Lab  
  76  7:08  Supply Depot  
  82  7:09  Supply Depot  
  82  7:10  Missile Turret  
Tags
 
Add a new tag
Caveats
  • Supply blocks, unpowered buildings, or Contaminate may cause inaccurate times.
  • Supply counts are checked every 10 seconds.